 Dungeon Crawl Stone Soup version 0.30-a0-870-gc5d4c5acee (webtiles) character file.

Game seed: 10759694579623691112

635 cforsyth the Covered (level 7, 0/56 HPs)
             Began as a Barachi Fighter on Mar 12, 2023.
             Slain by a dart slug (1 damage)
             ... on level 2 of the Dungeon.
             The game lasted 00:06:11 (4928 turns).

cforsyth the Covered (Barachi Fighter)              Turns: 4928, Time: 00:06:12

Health: 0/56       AC:  7    Str: 17    XL:     7   Next: 50%
Magic:  7/7        EV:  9    Int:  8    God:
Gold:   207        SH:  5    Dex: 14    Spells: 6/6 levels left

rFire   . . .      SeeInvis .    a - +0 long sword
rCold   . . .      Faith    .    c - +0 buckler
rNeg    . . .      Spirit   .    b - +0 scale mail
rPois   .          Reflect  .    (no helmet)
rElec   .          Rampage  .    (no cloak)
rCorr   .                        (no gloves)
Will    .....                    (no boots) Stlth
                                 (no amulet)
HPRegen 0.29/turn                (no ring)
MPRegen 0.10/turn                (no ring)

@: invisible, slow
A: amphibious, slowness 1, strong legs 1, +LOS
a: Hop


You were on level 2 of the Dungeon.
You visited 1 branch of the dungeon, and saw 5 of its levels.

You collected 207 gold pieces.

Inventory:

Hand Weapons
 a - a +0 long sword (weapon)
Armour
 b - a +0 scale mail (worn)
 c - a +0 buckler (worn)
Jewellery
 q - an amulet of faith
 s - an amulet of guardian spirit
Scrolls
 f - 2 scrolls of blinking {unknown}
 h - a scroll of summoning {unknown}
 i - 2 scrolls of magic mapping {unknown}
 k - a scroll of noise {unknown}
 l - 2 scrolls of identify {unknown}
 m - 2 scrolls of amnesia {unknown}
 n - 2 scrolls of teleportation {unknown}
 p - a scroll of enchant weapon {unknown}
 r - a scroll of vulnerability {unknown}
Potions
 d - a potion of curing {unknown}
 e - a potion of magic {unknown}
 g - a potion of berserk rage {unknown}
 j - a potion of resistance {unknown}
 t - a potion of heal wounds {unknown}


   Skills:
 + Level 5.5 Fighting
 + Level 4.8 Long Blades
 + Level 5.7 Armour
 + Level 5.1 Shields
 + Level 3.2 Evocations


You had 6 spell levels left.
You didn't know any spells.
Your spell library contained the following spells:

 Spells                   Type           Power      Damage    Failure   Level
 Apportation              Tloc           0%         N/A       86%         1
 Necrotise                Necr           0%         1d4       86%         1
 Summon Small Mammal      Summ           0%         N/A       86%         1
 Blink                    Tloc           0%         N/A       95%         2
 Cigotuvi's Dreadful Rot  Necr/Pois/Air  0%         N/A       95%         2
 Poisonous Vapours        Pois/Air       0%         N/A       95%         2
 Mephitic Cloud           Conj/Pois/Air  0%         N/A       99%         3
 Manifold Assault         Tloc           0%         N/A       100%        4
 Storm Form               Tmut/Air       0%         N/A       100%        7


Dungeon Overview and Level Annotations

Branches:
Dungeon (5/15)
 Temple: D:4-7

Altars:
Makhleb
Zin

Annotations:
D:2 Terence
D:5 Eustachio


Innate Abilities, Weirdness & Mutations

You are amphibious.
You cover ground slowly.
You can hop short distances.
You have an extended range of vision and can be seen from far away.


Message History

Your Evocations skill increases to level 3!
Unknown command.
You start resting.
Terence is nearby!
Terence is nearby!
Things that are here:
a +0 scythe; a +0 robe; the human corpse of Sigmund A dart slug comes into view.
Found a scroll labelled HEHOC DOPTECWA.
The dart slug launches a dart at you.
The slug dart hits you but does no damage.
The dart slug bites you but does no damage.
Terence drinks a potion.
Terence flickers and vanishes!
Deactivating autopickup; reactivate with Ctrl-A.
The dart slug launches a dart at you. The slug dart misses you.
Unknown command.
You slash the dart slug!
The dart slug is almost dead.
The dart slug launches a dart at you. The slug dart hits you.
The dart slug launches a dart at you. The slug dart hits you.
There is an open door here.
Something hits you.
You closely miss something. Something hits you but does no damage.
You closely miss something. Something hits you.
The dart slug closely misses you.
You slash something! Something hits you.
* * * LOW HITPOINT WARNING * * *
The dart slug closely misses you.
You closely miss something. Something hits you.
* * * LOW HITPOINT WARNING * * *
The dart slug launches a dart at you. The slug dart misses you.
Something hits you!
* * * LOW HITPOINT WARNING * * *
You fade into invisibility!
Something hits you but does no damage.
You closely miss something. The dart slug bites you.
You die...

#.........# #... '.........+
+... #.........# ####### #...
#.........# ....... #...
#.........+ ....... +... ..
#.........##....... ##... ....
#. ............... +....
.......#.#####............
#####
...............{@.........
.###.#.#.#####.##w#...... #.
#.w..# ############ .. ####)#
#......... ..@########.#
#......... ....+........#
#.........
....?#####....######........†
...... #........##....†....
#......#####...####.###........


You could see a dart slug (unable to see you).

Vanquished Creatures
  Sigmund (D:2)
  An ogre (D:4)
  A kobold brigand (D:4)
  2 hounds (D:4)
  2 iguanas
  An orc wizard (D:4)
  8 adders
  2 shadow imps
  A white imp (D:5)
  An ufetubus (D:5)
  2 worms
  4 dart slugs
  6 orcs
  10 ball pythons
  8 bats
  5 endoplasms
  3 giant cockroaches
  5 goblins
  5 hobgoblins
  4 quokkas
  3 frilled lizards
  9 kobolds
  4 rats
88 creatures vanquished.

Notes
Turn   | Place    | Note
-------+----------+-------------------------------------------
     0 | D:1      | cforsyth the Barachi Fighter began the quest for the Orb.
     0 | D:1      | Reached XP level 1. HP: 18/18 MP: 1/1
   343 | D:1      | Reached XP level 2. HP: 25/25 MP: 2/2
   610 | D:1      | Reached XP level 3. HP: 30/30 MP: 3/3
  1149 | D:2      | Noticed Terence
  1423 | D:2      | Reached XP level 4. HP: 30/37 MP: 4/4
  1453 | D:2      | Noticed Sigmund
  1635 | D:3      | Reached skill level 1 in Evocations
  2648 | D:4      | Reached XP level 5. HP: 32/43 MP: 5/5
  2919 | D:4      | Found a burning altar of Makhleb.
  2927 | D:4      | Found a glowing silver altar of Zin.
  2927 | D:4      | Noticed an angel
  2928 | D:4      | Noticed a green death
  3138 | D:4      | Reached XP level 6. HP: 41/49 MP: 6/6
  3225 | D:4      | Reached skill level 5 in Armour
  3418 | D:4      | Reached skill level 5 in Fighting
  3722 | D:5      | Entered Level 5 of the Dungeon
  4286 | D:5      | Reached XP level 7. HP: 47/56 MP: 7/7
  4451 | D:5      | Noticed Eustachio
  4862 | D:2      | Killed Sigmund
  4863 | D:2      | Reached skill level 5 in Shields
  4926 | D:2      | HP: 1/56 [something (8)]
  4928 | D:2      | Slain by a dart slug

Illustrated notes

Levels and vault maps discovered:
D:1:      psy_arrival_wood_between_worlds, layout_loops_corners, minivault_27,
          dreamdust_mushroom_princess, patterned_corridor
D:2:      layout_basic, uniq_terence, uniq_sigmund
D:3:      layout_loops_corners, chequers_big_river
D:4:      layout_loops_corners, grunt_temple_overflow_order_and_chaos_2,
          hangedman_decor_push, minivault_11, supply_closet_lemuel,
          corner_web_ring
D:5:      layout_cave_pods, uniq_eustachio

Skill      XL: |  1  2  3  4  5  6  7 |
---------------+----------------------+-----
Armour         | 4 5 |  5.7
Fighting       | 4 5 |  5.5
Long Blades    | 3 4 |  4.8
Evocations     | 1 2 3 |  3.2
Shields        | 4 5 |  5.1

Action                     |  1- 3 |  4- 6 |  7- 9 || total
---------------------------+-------+-------+-------++-------
  Melee: Long sword        |   116 |   171 |    83 ||   370
    Use: Potion            |       |       |     2 ||     2
 Armour: Scale mail        |    71 |    84 |    55 ||   210
  Dodge: Dodged            |    45 |    91 |    53 ||   189
  Block: Buckler           |    31 |    35 |    21 ||    87

Table legend: (Time is in decaauts)
 A = Elapsed time spent in this place.
 B = Non-inter-level travel time spent in this place.
 C = Inter-level travel time spent in this place.
 D = Time resting spent in this place.
 E = Time spent auto-exploring this place.
 F = Levels seen in this place.
 G = Mean time per level.
                   A        B        C        D        E       F      G
               +--------+--------+--------+--------+--------+-----+--------+
         Total |   5669 |   5368 |    301 |    675 |   3654 |   5 | 1133.8 |
       Dungeon |   5669 |   5368 |    301 |    675 |   3654 |   5 | 1133.8 |
               +--------+--------+--------+--------+--------+-----+--------+

Top non-repeatable levels by time:
     D:4: 1782 daAuts
     D:1: 1620 daAuts
     D:3: 1049 daAuts
     D:2: 680 daAuts
     D:5: 536 daAuts
